 Dungeon Crawl Stone Soup version 0.18.1-48-g4cf74bf (webtiles) character file.

691 Jerry the Caller (level 7, 0/46 HPs)
             Began as a Merfolk Ice Elementalist on July 13, 2016.
             Was a Follower of Kikubaaqudgha.
             Slain by a phantom (3 damage)
             ... on level 5 of the Dungeon.
             The game lasted 00:31:13 (5795 turns).

Jerry the Caller (Merfolk Ice Elementalist)         Turns: 5795, Time: 00:31:14

Health: 0/46       AC:  6    Str:  5    XL:     7   Next: 63%
Magic:  4/10       EV: 16    Int: 16    God:    Kikubaaqudgha [*.....]
Gold:   143        SH:  0    Dex: 25    Spells: 3 memorised, 2 levels left

rFire  . . .     SeeInvis .     n - +0 whip (elec)
rCold  + + +     Gourm    .     x - +1 robe of Misanthropy {*Corrode rC+++ Str-3 Dex+10} (curse)
rNeg   . . .     Faith    .     (no shield)
rPois  .         Spirit   .     y - +2 helmet
rElec  .         Dismiss  .     (no cloak)
rCorr  .         Reflect  .     (no gloves)
SustAt +         Harm     .     (no boots)
MR     .....                    (no amulet)
Stlth  +++.......               (no ring)
                                p - ring of sustain attributes

@: not resistant to hostile enchantments, fairly stealthy
A: change form in water, swift swim
a: Receive Corpses, Renounce Religion


You were on level 5 of the Dungeon.
You worshipped Kikubaaqudgha.
Kikubaaqudgha was aware of your devotion.
You were hungry.

You visited 1 branch of the dungeon, and saw 6 of its levels.

You collected 298 gold pieces.
You spent 155 gold pieces at shops.

Inventory:

Hand Weapons
 n - a +0 whip of electrocution (weapon)
 A - a +0 halberd
Armour
 x - the cursed +1 robe of Misanthropy (worn) {*Corrode rC+++ Str-3 Dex+10}
   (You found it on level 4 of the Dungeon)

   It affects your strength (-3).
   It affects your dexterity (+10).
   It renders you almost immune to cold.
   It may corrode you when you take damage.
   It has a curse placed upon it.
 y - a +2 helmet (worn)
Jewellery
 p - a ring of sustain attributes (left hand)
Scrolls
 e - 7 scrolls of identify
 h - 2 scrolls of remove curse
 l - 2 scrolls of teleportation
 s - a scroll of magic mapping
 t - a scroll of enchant armour
 u - 4 scrolls of blinking {unknown}
 v - a scroll of random uselessness {unknown}
Potions
 d - a potion of flight {unknown}
 f - 2 potions of heal wounds {unknown}
 g - 2 potions of haste
 j - a potion of lignification {unknown}
 k - a potion of mutation {unknown}
 m - a potion of invisibility {unknown}
 o - a potion of ambrosia {unknown}
 w - a potion of cure mutation {unknown}
 z - a potion of agility {unknown}
Books
 b - a book of Frost

   Spells                             Type                      Level
   a - Freeze                         Ice                          1
   b - Throw Frost                    Conjuration/Ice              2
   c - Ozocubu's Armour               Charms/Ice                   3
   d - Throw Icicle                   Conjuration/Ice              4
   e - Summon Ice Beast               Ice/Summoning                4
Comestibles
 a - 7 chunks of flesh
 c - 3 bread rations
 i - 3 fruits
 q - a beef jerky
 r - 2 meat rations


   Skills:
 + Level 4.9 Polearms
 - Level 4.0 Dodging
 - Level 2.1 Stealth
 - Level 2.0 Spellcasting
   Level 0.7 Conjurations
 - Level 5.5 Summonings
 + Level 5.3 Ice Magic


You had 2 spell levels left.
You knew the following spells:

 Your Spells              Type           Power        Failure   Level  Hunger
a - Freeze                Ice            ###.         2%          1    #......
b - Summon Ice Beast      Ice/Summ       ###.....     28%         4    #####..
c - Ozocubu's Armour      Chrm/Ice       ##......     21%         3    ###....


Dungeon Overview and Level Annotations

Branches:
Dungeon (6/15)
 Temple: D:4-7

Altars:
Ashenzari
Fedhas
Kikubaaqudgha
Makhleb

Shops:
D:4 !   D:6 *

Annotations:
D:4 Jerry's ghost, amateur MfIE


Message History

* * * LOW HITPOINT WARNING * * *
Your ice beast hits the hound but does no damage.
The phantom blinks!
You barely miss the hound.
The hound is almost dead.
The hound bites you but does no damage.
Your ice beast barely misses the hound.
The hound misses you.
Casting: Summon Ice Beast
Confirm with . or Enter, or press ? or * to list all spells.
Aiming: Freeze
Press: ? - help, Shift-Dir - straight line, f - hound, p - phantom
Aim: a hound (almost dead)
You freeze the hound.
You kill the hound!
Kikubaaqudgha accepts your kill.
You can now receive cadavers from Kikubaaqudgha.
Kikubaaqudgha grants you a gift! The phantom hits you.
You die...
Kikubaaqudgha rasps: "You have failed me!
Welcome... death!"

.......######.# #.#
##...... .......# #.#
#[# #...... ..###### #.#
#÷#####...... ..#
#.#######.)........^.
..#
#.W.....#..........##
..#
##########.#............
..#
#.(.)......#............
..#####
#..........#......).....
......#
#......@...#.>........##
......#
#.....W†Y..#..........#
......#
#.........###.........#
....###
#...$.......#.........#
#####
#...........###########
..# ##.#....#.?..# ⌠.#
#......##>...# ..#
#...<......(.# ..+
#.......#....#


You could see a phantom and a friendly ice beast.

Vanquished Creatures
  Blork the orc (D:4)
  A scorpion (D:5)
  2 howler monkeys
  3 hounds
  2 orc wizards
  Natasha (twice) (D:2)
  A worker ant (D:4)
  4 adders
  A shadow imp (D:3)
  4 worms
  2 dart slugs
  6 giant geckos
  4 orcs
  10 bats
  8 giant cockroaches
  8 goblins
  6 hobgoblins
  7 jackals
  5 kobolds
  6 quokkas
  2 giant newts (D:2)
  A jackal skeleton (D:5)
  A quokka skeleton (D:4)
  9 rats
96 creatures vanquished.

Vanquished Creatures (collateral kills)
  2 ogres (D:5)
2 creatures vanquished.

Grand Total: 98 creatures vanquished

Notes
Turn   | Place    | Note
--------------------------------------------------------------
     0 | D:1      | Jerry the Merfolk Ice Elementalist began the quest for the Orb.
     0 | D:1      | Reached XP level 1. HP: 13/13 MP: 3/3
   336 | D:1      | Reached XP level 2. HP: 19/19 MP: 3/5
  1169 | D:2      | Reached XP level 3. HP: 23/24 MP: 4/6
  1462 | D:2      | Noticed Natasha
  1476 | D:2      | Killed Natasha
  1729 | D:2      | Reached XP level 4. HP: 30/30 MP: 5/7
  1739 | D:2      | Learned a level 4 spell: Summon Ice Beast
  2058 | D:2      | Found a blossoming altar of Fedhas.
  2460 | D:2      | Reached skill level 1 in Summonings
  3041 | D:3      | Reached XP level 5. HP: 35/35 MP: 2/8
  3207 | D:2      | Found an ancient bone altar of Kikubaaqudgha.
  3207 | D:2      | Found a burning altar of Makhleb.
  3207 | D:2      | Noticed Natasha
  3214 | D:2      | Killed Natasha
  3224 | D:2      | Became a worshipper of Kikubaaqudgha
  3727 | D:4      | Reached XP level 6. HP: 14/41 MP: 6/9
  4011 | D:4      | Got a distressingly furry robe
  4022 | D:4      | Identified the cursed +1 robe of Misanthropy {*Corrode rC+++ Str-3 Dex+10} (You found it on level 4 of the Dungeon)
  4089 | D:4      | Found Madghemm's Distillery.
  4093 | D:4      | Noticed Blork the orc
  4095 | D:4      | Noticed Jerry's ghost (amateur MfIE)
  4107 | D:4      | Killed Blork the orc
  4356 | D:4      | Reached skill level 1 in Polearms
  4443 | D:4      | Reached skill level 5 in Summonings
  4898 | D:5      | Entered Level 5 of the Dungeon
  5022 | D:6      | Found Lyli's Assorted Antiques.
  5078 | D:6      | Bought a jade ring for 155 gold pieces
  5099 | D:6      | Noticed a sky beast
  5166 | D:6      | Noticed a water moccasin
  5167 | D:6      | Found a shattered altar of Ashenzari.
  5210 | D:5      | Reached XP level 7. HP: 44/46 MP: 0/10
  5364 | D:5      | Learned a level 3 spell: Ozocubu's Armour
  5663 | D:5      | Reached skill level 5 in Ice Magic
  5793 | D:5      | HP: 2/46 [hound (3)]
  5795 | D:5      | Reached * piety under Kikubaaqudgha
  5795 | D:5      | Received a gift from Kikubaaqudgha
  5795 | D:5      | Slain by a phantom

Skill      XL: |  1  2  3  4  5  6  7 |
---------------+----------------------+-----
Dodging        | 3 4 |  4.0
Ice Magic      | 4 5 |  5.3
Summonings     | 2 4 5 |  5.5
Polearms       | 3 4 |  4.9
Stealth        | |  2.1
Spellcasting   | |  2.0
Conjurations   | |  0.7

Action                   |  1- 3 |  4- 6 |  7- 9 || total
-------------------------+-------+-------+-------++-------
Melee: Club              |     2 |       |       ||     2
       Short sword       |    19 |    19 |       ||    38
       Whip              |       |    78 |    63 ||   141
Throw: Tomahawk          |     5 |    28 |       ||    33
       Javelin           |       |    17 |       ||    17
 Cast: Freeze            |    42 |    75 |     9 ||   126
       Summon Ice Beast  |       |     2 |     3 ||     5
  Use: Scroll            |     3 |     3 |       ||     6
 Stab: Sleeping          |       |     4 |     2 ||     6
  Eat: Chunk             |     2 |    14 |     3 ||    19
Armor: Robe              |     8 |    33 |    21 ||    62
Dodge: Dodged            |    35 |   108 |    55 ||   198
